 Dungeon Crawl Stone Soup version 0.30-a0-924-g0ad0bf95bc (webtiles) character file.

Game seed: 9010108393872224004

268 Esekla the Trooper (level 6, 0/49 HPs)
             Began as a Formicid Cinder Acolyte on Mar 22, 2023.
             Was a High Priest of Ignis.
             Slain by Grinder (2 damage)
             ... in a sewer.
             The game lasted 00:11:26 (1255 turns).

Esekla the Trooper (Formicid Cinder Acolyte)        Turns: 1255, Time: 00:11:27

Health: 0/49       AC:  9    Str: 19    XL:     6   Next: 46%
Magic:  0/10       EV: 11    Int: 15    God:    Ignis [*****.]
Gold:   106        SH:  0    Dex:  9    Spells: 9/11 levels left

rFire   + . .      SeeInvis +    a - -1 falchion (flame)
rCold   . . .      Faith    .    (no shield)
rNeg    . . .      Spirit   +    b - +0 robe
rPois   .          Reflect  .    (helmet unavailable)
rElec   .          Rampage  .    (no cloak)
rCorr   .                        (no gloves)
Will    .....                    (no boots)
Stlth   +                        c - amulet of guardian spirit
HPRegen 0.28/turn                k - ring of flight
MPRegen 0.12/turn                (no ring)

@: fiery-armoured, flying
A: permanent stasis, dig shafts and tunnels, antennae 3, four strong arms
a: Dig, Renounce Religion, Fiery Armour, Foxfire Swarm, Rising Flame


You were in a sewer.
You worshipped Ignis.
Ignis was extremely pleased with you.
You visited 1 branch of the dungeon, and saw 4 of its levels.
You also visited: Sewer.

You collected 106 gold pieces.

Inventory:

Hand Weapons
 a - a -1 falchion of flaming (weapon)
 m - a +2 dagger of draining
Missiles
 n - 8 poisoned darts
Armour
 b - a +0 robe (worn)
Jewellery
 c - an amulet of guardian spirit (around neck)
 k - a ring of flight (left hand)
Wands
 g - a wand of paralysis (5)
Scrolls
 e - a scroll of summoning {unknown}
 o - a scroll of noise {unknown}
Potions
 d - a potion of brilliance {unknown}
 f - a potion of degeneration {unknown}
 h - 3 potions of attraction {unknown}
 i - a potion of curing {unknown}
 j - a potion of lignification {unknown}
 l - a potion of haste {unknown}


   Skills:
 * Level 4.6 Fighting
 + Level 4.1 Long Blades
 + Level 1.4 Dodging
 + Level 1.4 Stealth
 * Level 3.1 Spellcasting
 + Level 3.5 Fire Magic


You had 9 spell levels left.
You knew the following spells:

 Your Spells              Type           Power      Damage    Failure   Level
o - Scorch                Fire           26%        2d6       7%          2

Your spell library contained the following spells:

 Spells                   Type           Power      Damage    Failure   Level
 Kindle Blastsparks       Fire/Tloc/Air  10%        2d10      36%         3
 Fulminant Prism          Conj/Hex       1%         3d5       89%         4
 Iskenderun's Mystic Bla  Conj/Tloc      2%         2d3       89%         4
 Lee's Rapid Deconstruct  Erth           1%         3d4*      99%         5


Dungeon Overview and Level Annotations

Branches:
Dungeon (4/15)              Sewer (1/1)
 Temple: D:4-7

Altars:

Annotations:
D:4 Pikel Sewer Grinder


Innate Abilities, Weirdness & Mutations

You cannot be hasted, slowed, berserked, paralysed or teleported.
You can dig through walls and to a lower floor.
You have a pair of large antennae on your head. (SInv)
Your four strong arms can wield two-handed weapons with a shield.


Message History

You barely miss the shadow imp.
The shadow imp is almost dead.
The shadow imp barely misses you.
You hit the shadow imp. You burn the shadow imp.
You kill the shadow imp!
Grinder barely misses you.
There is an open door here.
Items here: ( )))) †††.
Casting: Scorch (safe; 7% risk of failure)
Confirm with . or Enter, or press ? or * to list all spells.
Flames lash Grinder.
Grinder is moderately wounded.
Grinder's fire resistance burns away.
Grinder says, "What is the universe for?"
Grinder hits you.
You writhe in agony.
Grinder is burned terribly!
Grinder is burned by your cloak of flames.
Grinder is moderately wounded.
Casting: Scorch (safe; 7% risk of failure)
Confirm with . or Enter, or press ? or * to list all spells.
Flames lash Grinder.
Grinder is burned terribly!
Grinder is heavily wounded.
Grinder hits you!
You writhe in agony.
Casting: Scorch (safe; 7% risk of failure)
Confirm with . or Enter, or press ? or * to list all spells.
Flames lash Grinder.
Grinder is burned terribly!
Grinder is severely wounded.
Grinder hits you.
You barely miss Grinder.
Grinder is severely wounded.
Grinder hits you.
You writhe in agony.
* * * LOW HITPOINT WARNING * * *
Grinder is burned terribly!
Grinder is burned by your cloak of flames.
Grinder is almost dead.
You barely miss Grinder.
Grinder is almost dead.
Grinder hits you!
* * * LOW HITPOINT WARNING * * *
You writhe in agony.
You die...

#≈...≈##~≈)).≈≈≈≈≈≈≈≈≈≈≈
#≈..)≈##≈≈.#.≈≈≈≈≈≈≈≈≈≈≈
#≈...≈##≈~.#.≈~≈≈≈≈≈≈≈≈≈
#≈...≈##≈~.#.~≈≈≈≈≈≈≈≈≈≈
##'''###≈~.#..≈≈~≈≈≈≈≈≈≈
##.....##~..#..)~~≈~~≈≈≈≈
#...⌠..###.####.#≈###≈≈#≈
+.⌠.....#...#≈≈..........
+..._.⌠.@)..≈≈≈≈.........
+.⌠....5#...#≈≈..........
#...⌠..###.####.###≈##~##
##.....##~..#....≈≈≈≈≈~≈≈
##'''###≈..#...~~≈≈≈≈≈≈≈
#≈...~##≈~.#..≈~≈≈≈≈≈≈≈≈
#~...≈##≈≈.#..~≈≈≈≈≈≈≈≈≈
#≈...≈##≈≈.#.~≈≈≈≈≈≈≈≈≈≈
#≈...≈##≈~.).≈≈≈≈≈≈≈≈≈≈≈


You could see Grinder (combustible).

Vanquished Creatures
  A phantom (Sewer)
  A kobold brigand (Sewer)
  A gnoll (D:4)
  3 adders
  5 shadow imps (Sewer)
  2 ufetubi (Sewer)
  2 dart slugs
  3 endoplasms
  4 giant cockroaches
  7 ball pythons
  4 bats
  A frilled lizard (D:2)
  A goblin (D:2)
  17 kobolds
  4 rats
56 creatures vanquished.

Notes
Turn   | Place    | Note
-------+----------+-------------------------------------------
     0 | D:1      | Esekla the Formicid Cinder Acolyte began the quest for the
                  | Orb.
     0 | D:1      | Reached XP level 1. HP: 18/18 MP: 2/2
   407 | D:1      | Reached XP level 2. HP: 23/24 MP: 3/3
   410 | D:1      | Learned a level 2 spell: Scorch
   556 | D:2      | You fall into a shaft and drop 2 floors!
   627 | D:4      | Noticed a lemure
   628 | D:4      | Noticed Pikel
   628 | D:4      | Noticed a lemure
   628 | D:4      | Noticed a lemure
   629 | D:4      | Noticed a lemure
   645 | D:3      | Reached XP level 3. HP: 30/30 MP: 0/5
   818 | D:4      | Reached XP level 4. HP: 21/37 MP: 1/7
   820 | D:4      | Reached skill level 1 in Stealth
   858 | D:3      | Found a glowing drain.
   908 | Sewer    | Entered a sewer
   975 | Sewer    | Reached skill level 1 in Dodging
  1021 | Sewer    | Reached XP level 5. HP: 30/42 MP: 5/8
  1160 | Sewer    | Found an ancient bone altar of Kikubaaqudgha.
  1160 | Sewer    | Noticed a kobold brigand
  1172 | Sewer    | Killed a kobold brigand
  1185 | Sewer    | Noticed a phantom
  1197 | Sewer    | Killed a phantom
  1198 | Sewer    | Reached XP level 6. HP: 41/49 MP: 7/10
  1223 | Sewer    | Noticed Grinder
  1255 | Sewer    | HP: 2/49 [Grinder (8)]
  1255 | Sewer    | Slain by Grinder

Illustrated notes

Levels and vault maps discovered:
D:1:      onia_arrival_handbag, layout_basic, minmay_pentomino_z2
D:2:      layout_loops_ring, serial_rivers, chequers_serial_rivers_micro_d,
          chequers_serial_rivers_small_3, chequers_serial_rivers_micro_b,
          chequers_serial_rivers_micro_b, chequers_serial_rivers_large_b,
          hellmonk_ecumenical_altar_run_dry, serial_park_tiny_pond
D:3:      layout_loops_cross, portal_sewer_entry_a
D:4:      layout_loops_ring, makhleb_blood_cavern_becter, chequers_big_river,
          uniq_pikel, uniq_eustachio, uniq_ijyb
Sewer:    kennysheep_sewer_church

Skill      XL: |  1  2  3  4  5 |
---------------+----------------+-----
Spellcasting   | 2 3 |  3.1
Fighting       | 4 |  4.6
Stealth        | 1 |  1.4
Dodging        | 1 |  1.4
Long Blades    | 4 |  4.1
Fire Magic     | |  3.5

Action                     |  1- 3 |  4- 6 || total
---------------------------+-------+-------++-------
  Melee: Falchion          |    76 |    70 ||   146
         Punch             |     1 |       ||     1
   Cast: Scorch            |     9 |     8 ||    17
 Invoke: Fiery Armour      |     1 |     1 ||     2
  Evoke: Wand              |       |     1 ||     1
 Armour: Robe              |    11 |    31 ||    42
  Dodge: Dodged            |    51 |    38 ||    89

Table legend: (Time is in decaauts)
 A = Elapsed time spent in this place.
 B = Non-inter-level travel time spent in this place.
 C = Inter-level travel time spent in this place.
 D = Time resting spent in this place.
 E = Time spent auto-exploring this place.
 F = Levels seen in this place.
 G = Mean time per level.
                   A        B        C        D        E       F      G
               +--------+--------+--------+--------+--------+-----+--------+
         Total |   1273 |   1273 |      0 |    229 |    139 |   5 |  254.6 |
       Dungeon |    918 |    918 |      0 |    141 |    139 |   4 |  229.5 |
         Sewer |    354 |    354 |      0 |     88 |      0 |   1 |  354.0 |
               +--------+--------+--------+--------+--------+-----+--------+

Top non-repeatable levels by time:
     D:1: 462 daAuts
   Sewer: 354 daAuts
     D:3: 247 daAuts
     D:4: 108 daAuts
     D:2: 100 daAuts
